 Dungeon Crawl Stone Soup version 0.20.1-1-g8b1a95d (webtiles) character file.

166 Gremour the Slasher (level 5, -5/45 HPs)
             Began as a Draconian Monk on Nov 3, 2017.
             Slain by Menkaure (14 damage)
             ... on level 4 of the Dungeon on Nov 4, 2017.
             The game lasted 00:15:35 (3045 turns).

Gremour the Slasher (Draconian Monk)                Turns: 3045, Time: 00:15:36

Health: -5/45      AC: 13    Str: 13    XL:     5   Next: 22%
Magic:  5/5        EV: 13    Int: 11    God:
Gold:   160        SH:  0    Dex: 14    Spells: 4/4 levels left

rFire    + . .     SeeInvis .   a - +0 falchion
rCold    + . .     Gourm    .   (no shield)
rNeg     . . .     Faith    .   (armour unavailable)
rPois    +         Spirit   .   (helmet restricted)
rElec    +         Reflect  .   h - +0 cloak
rCorr    +         Harm     .   y - +0 pair of gloves (curse)
MR       .....                  l - +0 pair of boots
Stlth    ++........             (no amulet)
Regen    0.2/turn               q - +5 ring of protection
MPRegen  0.1/turn               u - ring of stealth

@: confused, resistant
A: unfitting armour, cold-blooded, AC +5
a: no special abilities


You were on level 4 of the Dungeon.
You were not hungry.

You visited 1 branch of the dungeon, and saw 4 of its levels.

You collected 160 gold pieces.

Inventory:

Hand Weapons
 a - a +0 falchion (weapon)
 b - a +1 spear of venom
Missiles
 o - 92 stones
 t - 5 tomahawks (quivered)
Armour
 h - a +0 cloak (worn)
 l - a +0 pair of boots (worn)
 y - a cursed +0 pair of gloves (worn)
 z - a +0 cloak
Jewellery
 k - a +1 ring of protection
 q - a +5 ring of protection (left hand)
 u - a ring of stealth (right hand)
Scrolls
 e - 2 scrolls of blinking {unknown}
 f - 3 scrolls of identify {unknown}
 g - a scroll of fog {unknown}
 i - a scroll of magic mapping {unknown}
 j - a scroll of teleportation {unknown}
 m - a scroll of fear {unknown}
 v - a scroll of recharging {unknown}
 w - a scroll of immolation {unknown}
Potions
 d - 2 potions of curing
Comestibles
 n - 3 bread rations
 p - 3 fruits
 s - 2 royal jellies
 x - a chunk of flesh


   Skills:
 - Level 3.4 Fighting
 * Level 5.9 Long Blades
 - Level 2.6 Dodging
 - Level 1.8 Stealth


You had 4 spell levels left.
You didn't know any spells.

Dungeon Overview and Level Annotations

Branches:
Dungeon (4/15)
 Temple: D:4-7

Altars:
Kikubaaqudgha
Ru
Trog
Uskayaw
The Shining One

Annotations:
D:4 Menkaure


Innate Abilities, Weirdness & Mutations

Your plain brown scales are hard. (AC +5)
You cannot fit into any form of body armour.
You are cold-blooded and may be slowed by cold attacks.


Message History

Menkaure rustles, "Let me perform the rites..."
Menkaure misses you.
Menkaure points at you and mumbles some strange words.
Pain shoots through your body!
* * * LOW HITPOINT WARNING * * *
It was a potion of ambrosia.
You are confused.
You feel invigorated. Menkaure barely misses you.
You bump into the stone wall.
Menkaure hits you!
* * * LOW HITPOINT WARNING * * *
You hit Menkaure.
Menkaure is moderately damaged.
Menkaure barely misses you.
You hit Menkaure.
Menkaure is moderately damaged.
Menkaure casts a spell at you. Pain shoots through your body!
* * * LOW HITPOINT WARNING * * *
Menkaure hits you!
You die...

#....>..+
##....####
##....## #..#..#
#.###.# #..#..#
##...## #.# ##.##
#.# #@# ##.## #M#
##...## #.#
####.....##
#.######...#.....#
#........#.##....#
########...###....
##.......##
#########


You could see Menkaure.

Vanquished Creatures
  Robin (D:3)
  3 gnolls
  5 adders
  An ooze (D:2)
  3 worms
  A dart slug (D:1)
  3 leopard geckos
  An orc (D:3)
  A ball python (D:1)
  12 goblins
  5 hobgoblins
  6 kobolds
  4 quokkas
  5 bats
  8 frilled lizards
  8 rats
67 creatures vanquished.

Notes
Turn   | Place    | Note
-------+----------+-------------------------------------------
     0 | D:1      | Gremour the Draconian Monk began the quest for the Orb.
     0 | D:1      | Reached XP level 1. HP: 19/19 MP: 1/1
   628 | D:1      | Reached XP level 2. HP: 20/26 MP: 2/2
   780 | D:2      | Noticed a moth of wrath
   862 | D:2      | Reached skill level 4 in Long Blades
   940 | D:2      | Reached XP level 3. HP: 31/31 MP: 3/3
  1009 | D:2      | Found a sacrificial altar of Ru.
  1013 | D:2      | Found a glowing golden altar of the Shining One.
  1016 | D:2      | Found an ancient bone altar of Kikubaaqudgha.
  1175 | D:2      | Found a hide-covered altar of Uskayaw.
  1219 | D:2      | Found a bloodstained altar of Trog.
  1432 | D:3      | Reached XP level 4. HP: 11/38 MP: 4/4
  1646 | D:2      | Reached skill level 5 in Long Blades
  1914 | D:3      | Noticed Robin
  1958 | D:3      | Killed Robin
  2413 | D:3      | Reached XP level 5. HP: 38/45 MP: 5/5
  3019 | D:4      | Noticed Menkaure
  3045 | D:4      | Slain by Menkaure

Skill      XL: |  1  2  3  4 |
---------------+-------------+-----
Long Blades    | 4 5 |  5.9
Fighting       | |  3.4
Dodging        | |  2.6
Stealth        | |  1.8

Action                   |  1- 3 |  4- 6 || total
-------------------------+-------+-------++-------
Melee: Falchion          |   119 |    94 ||   213
       Tailslap          |    19 |    15 ||    34
       Spear             |       |    15 ||    15
  Use: Potion            |       |     4 ||     4
 Stab: Sleeping          |     3 |     2 ||     5
       Distracted        |       |     1 ||     1
  Eat: Chunk             |     2 |     5 ||     7
Armor: Skin              |    38 |    38 ||    76
Dodge: Dodged            |    92 |    81 ||   173
       Rpst.: Falchion   |    35 |    18 ||    53
